 Dungeon Crawl Stone Soup version 0.30.1-11-g7821555f0a (webtiles) character file.

Game seed: 5228119779878467717

98094 Ijustatesigmund the Earth Mage (level 16, -5/144 HPs)
             Began as a Gargoyle Earth Elementalist on Dec 1, 2023.
             Was a High Priest of Vehumet.
             Slain by a rust devil (8 damage)
             ... summoned by an orc high priest
             ... on level 2 of the Orcish Mines on Dec 4, 2023.
             The game lasted 01:17:31 (36181 turns).

Ijustatesigmund the Earth Mage (GrEE)              Turns: 36181, Time: 01:17:32

Health: -5/144     AC:  0    Str: 12    XL:     16   Next: 21%
Magic:  6/42       EV: 12    Int: 24    God:    Vehumet [*****.]
Gold:   1953       SH:  6    Dex: 10    Spells: 10/41 levels left

rFire   . . .        d - +6 flail (flame)
rCold   . . .        g - +2 buckler
rNeg    + . .        a - +2 robe of Zyxabu Izivo {Will+ MP+9}
rPois   ∞            l - +1 helmet
rElec   +            n - +1 cloak
rCorr   .            v - +2 pair of gloves
SInv    +            (no boots)
Will    ++...        (no amulet) Stlth
                     f - ring of see invisible
HPRegen 0.44/turn    r - ring of wizardry
MPRegen 0.28/turn

%: wizardry (x1)
@: berserking (expiring), weakened, corroded, flying, very quick
A: sickness immunity, AC +12, big wings, negative energy resistance 1,
electricity resistance, torment resistance 1, petrification resistance
a: Renounce Religion


You were on level 2 of the Orcish Mines.
You worshipped Vehumet.
Vehumet was extremely pleased with you.
You visited 4 branches of the dungeon, and saw 23 of its levels.
You also visited: Ossuary and Bailey.

You collected 2448 gold pieces.
You spent 495 gold pieces at shops.

Inventory:

Hand Weapons
 d - a +6 flail of flaming (weapon)
Missiles
 H - a throwing net
Armour
 a - the +2 robe of Zyxabu Izivo (worn) {Will+ MP+9}
   (You found it on level 8 of the Dungeon)

   MP:        It affects your magic capacity (+9).
   Will:      It increases your willpower.
 b - +0 steam dragon scales
 g - a +2 buckler (worn)
 i - a +1 troll leather armour {Snorg}
 l - a +1 helmet (worn)
 n - a +1 cloak (worn)
 v - a +2 pair of gloves (worn)
 G - a +1 robe of the Archmagi
Magical Staves
 x - a staff of earth
 M - the staff of conjuration "Tihu Dal" {rF+++ Will+ SInv Stlth-}
   (You acquired it on level 14 of the Dungeon)

   [staff of conjuration]

   Base accuracy: +5 Base damage: 5 Base attack delay: 1.2 This weapon's minimum
   attack delay (0.6) is reached at skill level 12.
   rF:        It renders you almost immune to fire.
   SInv:      It lets you see invisible.
   Will:      It increases your willpower.
   Stlth:     It makes you less stealthy.
   It falls into the 'Staves' category.
   It is a one-handed weapon.
Jewellery
 f - a ring of see invisible (left hand)
 r - a ring of wizardry (right hand)
 B - a ring of protection from cold
 S - a ring of magical power
Wands
 h - a wand of quicksilver (1)
 o - a wand of flame (91)
 s - a wand of polymorph (4)
 L - a wand of roots (3)
 O - a wand of paralysis (7)
Scrolls
 e - 6 scrolls of amnesia
 j - 3 scrolls of torment
 k - 5 scrolls of fog
 u - a scroll of fear
 y - 2 scrolls of immolation
 F - 4 scrolls of poison
 P - 7 scrolls of teleportation
 Q - 4 scrolls of blinking
 T - a scroll of identify
Potions
 c - 7 potions of mutation
 m - 8 potions of curing
 p - 3 potions of ambrosia
 q - 3 potions of invisibility
 t - 4 potions of brilliance
 z - 5 potions of lignification
 A - a potion of heal wounds
 C - 3 potions of attraction
 D - 10 potions of flight
 E - 3 potions of haste
 I - 2 potions of magic
 J - 6 potions of cancellation
 K - a potion of berserk rage
 R - 2 potions of might
Miscellaneous
 N - a phantom mirror


   Skills:
 - Level 9.6 Fighting
 - Level 8.2 Maces & Flails
 - Level 5.1 Armour
 - Level 4.3 Dodging
 - Level 2.1 Stealth
 - Level 4.1 Shields
 + Level 13.2 Spellcasting
 - Level 14.1 Conjurations
 + Level 2.3 Necromancy
 - Level 3.2 Translocations
 - Level 0.7 Transmutations
 + Level 2.8 Fire Magic
 - Level 15.7 Earth Magic
 - Level 7.4 Evocations


You had 10 spell levels left.
You knew the following spells:

 Your Spells              Type           Power      Damage    Failure   Level
a - Sandblast             Erth           100%       2d20      0%          1
b - Stone Arrow           Conj/Erth      100%       3d13      1%          3
c - Iskenderun's Battles  Conj           70%        2d12      1%          5
d - Blink                 Tloc           62%        N/A       1%          2
e - Iron Shot             Conj/Erth      36%        9d7       1%          6
f - Iskenderun's Mystic   Conj/Tloc      55%        2d12      1%          4
g - Starburst             Conj/Fire      27%        6d9       3%          6
h - Dispel Undead         Necr           27%        3d13      9%          4

Your spell library contained the following spells:

 Spells                   Type           Power      Damage    Failure   Level
 Conjure Ball Lightning   Conj/Air       24%        3x3d7     5%          6
 Beastly Appendage        Tmut           38%        N/A       1%          1
 Kiss of Death            Conj/Necr      100%       2d13      1%          1
 Lesser Beckoning         Tloc           62%        N/A       1%          2
 Momentum Strike          Conj/Tloc      100%       3d10      1%          2
 Passwall                 Tmut/Erth      44%        N/A       1%          2
 Dazzling Flash           Conj/Hex       98%        N/A       1%          3
 Volatile Blastmotes      Fire/Tloc      60%        2d15      1%          3
 Petrify                  Tmut/Erth      53%        N/A       1%          4
 Sticky Flame             Conj/Fire      54%        2d7       1%          4
 Arcjolt                  Conj/Air       24%        1d34      1%          5
 Wereblood                Tmut           19%        N/A       2%          2
 Spider Form              Tmut/Pois      17%        N/A       5%          3
 Confusing Touch          Hex            15%        N/A       6%          3
 Malign Gateway           Summ/Tloc      11%        N/A       100%        7
 Summon Hydra             Summ           7%         N/A       100%        7
 Chain Lightning          Conj/Air       24%        3d32      100%        9


Dungeon Overview and Level Annotations

Branches:
Dungeon (15/15)            Temple (1/1) D:4            Lair (5/5) D:8
  Swamp (0/4) Lair:3        Snake (0/4) Lair:2        Slime (0/5) Lair:5
    Orc (2/2) D:10            Elf (0/3) Orc:2        Vaults (0/5) D:14
 Depths (0/4) D:15        Ossuary (visited)          Bailey (visited)

Altars:
Ashenzari
Cheibriados
Dithmenos
Elyvilon
Fedhas
Gozag
Hepliaklqana
Kikubaaqudgha
Makhleb
Nemelex Xobeh
Okawaru
Qazlal
Ru
Sif Muna
Trog
Uskayaw
Vehumet
Wu Jian
Xom
Yredelemnul
Zin
The Shining One

Shops:
D:1 *!:   Orc:2 **

Portals:
Trove: D:14 (give +4 demon trident)

Annotations:
D:8 3 runed translucent doors, TangoThomas's ghost, novice DsWr
D:9 exclusions: obsidian statue and orange crystal statue
D:10 2 transporters, ioannis32's ghost, journeyman DsBe
D:13 3 runed translucent doors, Fefoucap's ghost, journeyman HOMo
Lair:2 3 runed translucent doors, kalagan's ghost, journeyman DECj


Innate Abilities, Weirdness & Mutations

You are immune to sickness and miasma.
Your stone body is resilient. (AC +12)
You are immune to poison.
Your large and strong wings let you fly.
You resist negative energy. (rN+)
You are resistant to electric shocks. (rElec)
You are resistant to unholy torment.
You are immune to petrification.


Message History

You sock the orc high priest! You burn the orc high priest.
The orc high priest is heavily wounded.
The orc high priest barely misses you. The rust devil hits you.
The rust devil corrodes you! The orange demon stings you!
The orange demon barely misses you.
You hit the orc high priest. You burn the orc high priest.
The orc high priest is severely wounded.
The orc high priest hits you with a +0 long sword!
The rust devil hits you. The rust devil corrodes you!
The orange demon stings you. The orange demon misses you.
You closely miss the orc high priest.
The orc high priest is severely wounded.
You block the orc high priest's attack.
You hit the orc high priest but do no damage.
The orc high priest is severely wounded.
You block the orange demon's attack. The orange demon hits you.
The rust devil hits you. The rust devil corrodes you!
You closely miss the orc high priest.
The orc high priest is severely wounded.
The orc high priest hits you with a +0 long sword.
* * * LOW HITPOINT WARNING * * *
The rust devil hits you!
* * * LOW HITPOINT WARNING * * *
The rust devil corrodes you! The orange demon stings you!
* * * LOW HITPOINT WARNING * * *
The orange demon barely misses you.
You barely miss the orc high priest.
The orc high priest is severely wounded.
The orc high priest hits you with a +0 long sword!
* * * LOW HITPOINT WARNING * * *
You barely miss the orc high priest.
The orc high priest is severely wounded.
You block the orange demon's attack. The orange demon hits you.
* * * LOW HITPOINT WARNING * * *
The rust devil hits you.
* * * LOW HITPOINT WARNING * * *
The rust devil corrodes you!
You are too berserk!
The rust devil hits you!
You die...

## #... .# ### #... ##
##.## ###.. # ### ###
##...## #.#.... ###.###.##
##.....## #.......
.#.......## ##.#...#.##
#.......
..#.......###.........#
.......
..###.##.###.))#.#.#...#
#.....
.#.#...####.))##@4.##...#
#.....
......####.).##4o#†.##...#
#....
......###..)##..###..##...
#.... .....###.#.##..#
#..##. ##...
....###..)##..# #..# ##..
.....###.#)##. .## ##.).
..#...###.).## # ##.)..
...)...###...## ##.
##..)). ...)##..###..)##
##.. ##..##..


You could see an orc high priest, an orange demon (summoned) and a rust devil
(summoned).

Vanquished Creatures
  Azrael (D:14)
  Snorg (Lair:4)
  Erolcha (Orc:2)
  2 ice dragons (D:15)
  7 hydras
  A merfolk avatar (Lair:5)
  An ogre mage (D:14)
  5 vault guards (D:14)
  6 centaur warriors
  A demonspawn (Orc:2)
  Erica (D:8)
  3 two-headed ogres
  4 boulder beetles
  4 death yaks
  Urug (D:10)
  5 orc high priests (Orc:2)
  A deep elf knight (D:14)
  3 skysharks (Lair:5)
  Lodul (D:14)
  A fire crab (Lair:5)
  A wizard (D:15)
  A harpy (Lair:5)
  A lindwurm (Lair:2)
  7 orc knights
  5 deep elf pyromancers
  A manticore (Lair:5)
  7 orc sorcerers
  20 ugly things
  3 elephants (Lair:5)
  Joseph (D:10)
  8 black mambas
  3 torpor snails
  A smoke demon (Orc:2)
  2 gargoyles
  Maggie (D:8)
  10 cane toads
  9 centaur zombies (D:12)
  Psyche (D:8)
  4 unseen horrors
  11 komodo dragons
  5 yaktaurs
  10 rime drakes
  A redback zombie (D:12)
  2 hellwings (Orc:2)
  6 trolls
  3 polar bears
  A wind drake (Lair:5)
  A hornet (D:11)
  10 dream sheep (Lair:5)
  A tyrant leech (Lair:3)
  19 blink frogs
  2 meliai zombies (D:12)
  A snapping turtle (Lair:5)
  A slime creature (D:14)
  2 shadows
  Eustachio (D:5)
  7 wyverns
  A human (D:14)
  2 wraiths
  A neqoxec (Orc:2)
  38 yaks
  A fire elemental (D:14)
  10 vampire mosquitoes
  3 basilisks
  4 steam dragons
  2 nagas (Lair:2)
  2 acid dragons
  15 water moccasins
  3 swamp worms (Lair:3)
  Duvessa (D:6)
  2 hell hounds (D:14)
  2 ice beasts (D:5)
  3 black bears
  34 orc warriors
  2 sky beasts
  6 wolves
  9 ogres
  10 centaurs
  2 kobold brigands (D:10)
  6 bullfrogs
  3 gnoll sergeants
  4 scorpions
  4 water moccasin zombies (Ossuary)
  7 wights
  Dowan (D:6)
  4 killer bees (D:11)
  5 howler monkeys
  2 electric eels
  2 hounds
  4 gnoll boudas
  3 jellies
  24 orc priests
  Natasha (thrice) (D:2)
  7 iguanas
  21 orc wizards
  2 mummies (Ossuary)
  31 gnolls
  8 adders
  A river rat (D:8)
  2 shadow imps (D:7)
  5 adder zombies (Ossuary)
  A worm (D:2)
  81 orcs
  5 endoplasms
  6 giant cockroaches
  5 gnoll zombies (Ossuary)
  12 goblins
  7 hobgoblins
  16 jackals
  33 kobolds
  7 quokkas
  7 ball pythons
  7 bats
  3 frilled lizards
  3 hobgoblin zombies (Ossuary)
  4 kobold zombies (Ossuary)
  9 orc zombies (Ossuary)
  4 rats
732 creatures vanquished.

Vanquished Creatures (others)
  A cane toad (Lair:5)
  3 slime creatures (D:14)
  A sky beast (D:7)
  An orc priest (Orc:2)
6 creatures vanquished.

Grand Total: 738 creatures vanquished

Notes
Turn   | Place    | Note
-------+----------+-------------------------------------------
     0 | D:1      | Ijustatesigmund the Gargoyle Earth Elementalist began the
                  | quest for the Orb.
     0 | D:1      | Reached XP level 1. HP: 10/10 MP: 3/3
    13 | D:1      | Found Roirgh's Distillery.
   193 | D:1      | Reached skill level 1 in Fighting
   193 | D:1      | Reached XP level 2. HP: 6/16 MP: 0/5
   447 | D:1      | Reached skill level 4 in Earth Magic
   816 | D:1      | Found Zeekab's Book Shop.
  1014 | D:1      | Reached XP level 3. HP: 20/20 MP: 4/6
  1018 | D:1      | Learned a level 3 spell: Stone Arrow
  1232 | D:1      | Found Joc Suaz's Assorted Antiques.
  1438 | D:2      | Noticed a black bear
  1867 | D:2      | Noticed Natasha
  1870 | D:2      | Killed Natasha
  1871 | D:2      | Reached skill level 1 in Shields
  1871 | D:2      | Reached skill level 1 in Conjurations
  1871 | D:2      | Reached XP level 4. HP: 25/25 MP: 5/8
  2155 | D:2      | Noticed Natasha
  2165 | D:2      | Killed Natasha
  2409 | D:2      | Killed a black bear
  2410 | D:2      | Reached skill level 5 in Earth Magic
  2410 | D:2      | Reached XP level 5. HP: 29/29 MP: 6/9
  2753 | D:1      | Bought a scroll labelled DOSOCHUXAS for 27 gold pieces
  2753 | D:1      | Bought a scroll labelled ROEDIA HYXUIFUETOI for 27 gold
                  | pieces
  2753 | D:1      | Bought a scroll labelled OKYDEL LISHI for 27 gold pieces
  2753 | D:1      | Bought a ruby potion for 24 gold pieces
  2920 | D:2      | Identified the +1 short sword of Action {holy, Will+ MP-9
                  | Dex+4}
  3304 | D:2      | Reached XP level 6. HP: 34/34 MP: 8/10
  3432 | D:2      | Noticed Natasha
  3441 | D:2      | Killed Natasha
  4610 | D:4      | Found a staircase to the Ecumenical Temple.
  4633 | D:4      | Noticed a black bear
  4651 | Temple   | Entered the Ecumenical Temple
  5059 | Temple   | Became a worshipper of Vehumet
  5122 | D:4      | Killed a black bear
  5208 | D:4      | Reached XP level 7. HP: 38/38 MP: 7/12
  6028 | D:5      | Entered Level 5 of the Dungeon
  6160 | D:5      | Reached skill level 6 in Earth Magic
  6482 | D:5      | Identified the +1 halberd of Truncation {freeze, *Rage
                  | rElec rF+ Str-4 Dex+7}
  6605 | D:5      | Reached * piety under Vehumet
  6605 | D:5      | Offered knowledge of Foxfire by Vehumet.
  6887 | D:5      | Reached XP level 8. HP: 44/44 MP: 6/14
  7060 | D:5      | Reached skill level 1 in Maces & Flails
  7108 | D:5      | Noticed Eustachio
  7119 | D:5      | Killed Eustachio
  7279 | D:6      | Noticed Dowan
  7280 | D:6      | Noticed Duvessa
  8162 | D:6      | Reached skill level 5 in Conjurations
  8162 | D:6      | Reached skill level 7 in Earth Magic
  8177 | D:6      | Reached skill level 5 in Spellcasting
  8337 | D:6      | Killed Duvessa
  8338 | D:6      | Reached XP level 9. HP: 37/52 MP: 16/16
  8341 | D:6      | Killed Dowan
  8772 | D:6      | Found a bloodstained altar of Trog.
  9179 | D:7      | Found a sand-covered staircase.
  9184 | Ossuary  | Entered an ossuary
  9502 | Ossuary  | Reached ** piety under Vehumet
  9505 | Ossuary  | Offered knowledge of Shock by Vehumet.
  9769 | D:7      | Reached skill level 1 in Evocations
  9877 | D:7      | Noticed a two-headed ogre
  9877 | D:7      | Noticed an unseen horror
  9877 | D:7      | Noticed a green ugly thing
  9877 | D:7      | Noticed a green ugly thing
  9878 | D:7      | Noticed an unseen horror
  9878 | D:7      | Noticed a gargoyle
  9900 | D:7      | Killed a green ugly thing
  9901 | D:7      | Reached skill level 5 in Evocations
  9901 | D:7      | Reached XP level 10. HP: 33/58 MP: 18/18
  9905 | D:7      | Killed a green ugly thing
 10172 | D:7      | Offered knowledge of Scorch by Vehumet.
 10255 | D:7      | Killed a two-headed ogre
 10359 | D:7      | Killed an unseen horror
 10360 | D:7      | Reached skill level 8 in Earth Magic
 10369 | D:7      | Killed an unseen horror
 10373 | D:7      | Reached skill level 5 in Fighting
 10948 | D:7      | Killed a gargoyle
 10948 | D:7      | Reached *** piety under Vehumet
 11579 | D:8      | Noticed Psyche
 11583 | D:8      | Killed Psyche
 11607 | D:8      | Offered knowledge of Dazzling Flash by Vehumet.
 11817 | D:8      | Identified the +2 robe of Zyxabu Izivo {Will+ MP+9}
 11917 | D:8      | Noticed Erica
 11920 | D:8      | Reached skill level 9 in Earth Magic
 11920 | D:8      | Reached XP level 11. HP: 60/64 MP: 20/20
 11929 | D:8      | Killed Erica
 12191 | D:8      | Noticed a death yak
 12212 | D:8      | Killed a death yak
 12214 | D:8      | Noticed a death yak
 12215 | D:8      | Noticed a death yak
 12223 | D:8      | Killed a death yak
 12235 | D:8      | Killed a death yak
 12450 | D:8      | Found a staircase to the Lair.
 12455 | D:8      | Noticed Maggie
 12463 | D:8      | Killed Maggie
 12559 | D:8      | Found a runed translucent gate.
 12559 | D:8      | Found a runed translucent gate.
 12562 | D:8      | Found a runed translucent gate.
 12563 | D:8      | Noticed TangoThomas's ghost (novice DsWr)
 12952 | D:9      | Noticed an orange crystal statue
 13204 | D:9      | Noticed an obsidian statue
 13789 | D:10     | Entered Level 10 of the Dungeon
 13826 | D:10     | Reached skill level 10 in Earth Magic
 13853 | D:10     | Found a hide-covered altar of Uskayaw.
 13900 | D:10     | Reached **** piety under Vehumet
 14042 | D:10     | Noticed Joseph
 14048 | D:10     | Killed Joseph
 14048 | D:10     | Offered knowledge of Arcjolt by Vehumet.
 14176 | D:10     | Found a staircase to the Orcish Mines.
 14313 | D:10     | Noticed Urug
 14318 | D:10     | Killed Urug
 14330 | D:10     | Found a flagged portal.
 14338 | Bailey   | Entered a bailey
 14467 | Bailey   | Noticed an orc knight
 14547 | Bailey   | Reached ***** piety under Vehumet
 14621 | Bailey   | Offered knowledge of Iskenderun's Battlesphere by Vehumet.
 14676 | Bailey   | Killed an orc knight
 14677 | Bailey   | Reached skill level 1 in Armour
 15322 | D:10     | Noticed a two-headed ogre
 15322 | D:10     | Noticed a two-headed ogre
 15323 | D:10     | Found a transporter.
 15323 | D:10     | Noticed ioannis32's ghost (journeyman DsBe)
 15323 | D:10     | Identified the +11 dire flail "Ropej" {drain, Fragile rC++
                  | Str+5}
 15323 | D:10     | Noticed a two-headed ogre
 15324 | D:10     | Noticed a two-headed ogre
 15325 | D:10     | Noticed a two-headed ogre
 15329 | D:10     | Found a transporter.
 15544 | D:10     | Reached XP level 12. HP: 67/73 MP: 23/23
 15666 | D:10     | Learned a level 5 spell: Iskenderun's Battlesphere
 15764 | D:11     | Got the Secrets of Generation and the Syncline
 16405 | D:11     | Noticed a boulder beetle
 16412 | D:11     | Killed a boulder beetle
 16752 | D:12     | Reached skill level 11 in Earth Magic
 16851 | D:12     | Noticed a boulder beetle
 16864 | D:12     | Killed a boulder beetle
 16865 | D:12     | Reached skill level 5 in Maces & Flails
 16970 | D:12     | Noticed a boulder beetle
 16979 | D:12     | Killed a boulder beetle
 17185 | D:12     | Noticed a two-headed ogre
 17190 | D:12     | Killed a two-headed ogre
 17299 | D:12     | Found a basalt altar of Yredelemnul.
 17628 | D:12     | Reached skill level 10 in Conjurations
 17633 | D:12     | Reached XP level 13. HP: 64/78 MP: 17/25
 18044 | D:13     | Reached skill level 5 in Armour
 18255 | D:13     | Found a runed translucent gate.
 18255 | D:13     | Noticed an ettin
 18256 | D:13     | Found a runed translucent gate.
 18257 | D:13     | Found a runed translucent gate.
 18280 | D:13     | Noticed Fefoucap's ghost (journeyman HOMo)
 18344 | D:13     | Reached skill level 12 in Earth Magic
 18920 | D:14     | Offered knowledge of Plasma Beam by Vehumet.
 19150 | D:14     | Noticed a vault guard
 19155 | D:14     | Killed a vault guard
 19220 | D:14     | Found a portal to a secret trove of treasure.
 19293 | D:14     | Noticed Azrael
 19603 | D:14     | Noticed Lodul
 19619 | D:14     | Killed Lodul
 19976 | D:14     | Identified a scroll of acquirement
 19976 | D:14     | Acquired the staff of conjuration "Tihu Dal" {rF+++ Will+
                  | SInv Stlth-}
 19997 | D:14     | Learned a level 2 spell: Blink
 20497 | D:14     | Reached skill level 10 in Spellcasting
 20515 | D:14     | Reached skill level 1 in Translocations
 20585 | D:14     | Noticed a vault guard
 20591 | D:14     | Noticed a vault guard
 20918 | Lair:1   | Entered Level 1 of the Lair of Beasts
 22161 | Lair:2   | Found a staircase to the Snake Pit.
 22486 | Lair:2   | Gained mutation: Your large and strong wings let you fly.
                  | [Gargoyle growth]
 22486 | Lair:2   | Reached XP level 14. HP: 83/83 MP: 26/28
 22489 | Lair:2   | Reached skill level 13 in Earth Magic
 22988 | Lair:2   | Found a runed translucent gate.
 22988 | Lair:2   | Found a runed translucent gate.
 22988 | Lair:2   | Found a runed translucent gate.
 22990 | Lair:2   | Noticed kalagan's ghost (journeyman DECj)
 23082 | Lair:2   | You are sucked into a shaft and drop 1 floor!
 24258 | Lair:3   | Found a staircase to the Swamp.
 24717 | Lair:4   | Noticed Snorg
 24724 | Lair:4   | Killed Snorg
 25911 | Lair:4   | Offered knowledge of Iron Shot by Vehumet.
 25938 | Lair:4   | Reached skill level 14 in Earth Magic
 25947 | Lair:4   | Learned a level 6 spell: Iron Shot
 26374 | Lair:5   | Entered Level 5 of the Lair of Beasts
 27283 | Lair:5   | Reached XP level 15. HP: 65/88 MP: 9/31
 27487 | Lair:5   | Got Cerebov's Teachings on Percussion
 28055 | Lair:5   | Found a staircase to the Slime Pits.
 28403 | Lair:5   | Reached skill level 15 in Earth Magic
 29378 | D:14     | Offered knowledge of Lee's Rapid Deconstruction by Vehumet.
 29631 | D:14     | Found a gate to the Vaults.
 30023 | D:14     | Killed Azrael
 30305 | D:15     | Entered Level 15 of the Dungeon
 31932 | D:15     | Identified the +6 scale mail of the Lusting Gods {Str+3
                  | SInv}
 32456 | D:15     | Learned a level 4 spell: Iskenderun's Mystic Blast
 32963 | D:15     | Identified the +6 spear of the Magi {vamp, Fly Str+2}
 33146 | D:15     | Found a staircase to the Depths.
 33268 | Orc:1    | Entered Level 1 of the Orcish Mines
 33820 | Orc:2    | Entered Level 2 of the Orcish Mines
 34692 | Orc:2    | Noticed Erolcha
 34694 | Orc:2    | Killed Erolcha
 34731 | Orc:2    | Found a staircase to the Elven Halls.
 34825 | Orc:2    | Offered knowledge of Conjure Ball Lightning by Vehumet.
 35017 | Orc:2    | Found Wevotabi's General Store.
 35040 | Orc:2    | Reached XP level 16. HP: 79/96 MP: 30/33
 35042 | Orc:2    | Found Ivvur's General Store.
 35440 | Orc:2    | Bought a ring of wizardry for 390 gold pieces
 35448 | Orc:2    | Learned a level 6 spell: Starburst
 35453 | Orc:2    | Learned a level 4 spell: Dispel Undead
 35534 | Orc:2    | Reached skill level 1 in Fire Magic
 35537 | Orc:2    | Reached skill level 1 in Necromancy
 36179 | Orc:2    | HP: 6/144 [orc high priest/+0 long sword (14)]
 36181 | Orc:2    | Slain by a rust devil

Illustrated notes

Levels and vault maps discovered:
D:1:      lightli_arrival_lavapool, layout_basic, serial_shops,
          nicolae_shop_competitors_out_of_business,
          nicolae_shop_tiny_real_fake_doors, nicolae_book_shop_shelving
D:2:      minmay_thinvault, layout_basic, serial_corexii_hall,
          chequers_hall_statues_wall_a, chequers_hall_statues_wall_a,
          uniq_natasha
D:3:      layout_basic, kennysheep_generic_room_9
D:4:      layout_gridville, temple_doors_cd, st_stairs_3
D:5:      layout_loops_ring, uniq_eustachio
D:6:      layout_layer_cave, lightli_temple_of_fire, uniq_duvessa
D:7:      minmay_the_grid_triangle_9x9_recursive_2
          [minmay_the_grid_triangle_9x9_prize_insulated,
          minmay_the_grid_triangle_9x9_stretched_checkered,
          minmay_the_grid_triangle_9x9_empty,
          minmay_the_grid_triangle_9x9_pentomino_pain], layout_basic,
          enter_ossuary_2, serial_aquarium, aquarium_bridge_straight
          [aquarium_subvault_bridge, aquarium_subvault_balcony,
          aquarium_subvault_bridge, aquarium_subvault_wall],
          aquarium_window_corridor_2, aquarium_window_1, aquarium_window_1,
          aquarium_window_fake, aquarium_view_2c
D:8:      layout_layer_cave, dpeg_lair_monsters, gammafunk_ghost_spectres,
          uniq_psyche, uniq_erica, uniq_maggie
D:9:      minmay_separated_statues, layout_gridville
D:10:     layout_loops_ring, nicolae_uskayaw_dance_studio, erik_orc_2,
          gammafunk_ghost_smash, enter_bailey_3, serial_glass, glass_columns_c,
          glass_columns_a, uniq_joseph, uniq_urug
D:11:     layout_roguey
D:12:     layout_roguey, nicolae_yredelemnul_corpse_copse
D:13:     layout_cave_pools, gammafunk_ghost_split
D:14:     layout_roguey, grunt_vaults_entry_fortified, enter_trove_5,
          uniq_lodul, uniq_azrael
D:15:     grunt_enter_depths_hoard, layout_irregular_city, minivault_19,
          chequers_mini_garden, minmay_misc_feat_x
Temple:   mainiacjoe_temple_big_plus
Lair:1:   layout_concentric_octagons, nzn_random_ring, lemuel_fruit_fields,
          grunt_megastairs_3, infiniplex_staircase_pool
Lair:2:   layout_loops_ring, guppyfry_snake_entry_island,
          ebering_ghost_rock_garden, lemuel_fruit_fields
Lair:3:   layout_regular_city, palyth_hydra_swamp_entry
Lair:4:   layout_cave_shapes, infiniplex_staircase_pool_2, uniq_snorg
Lair:5:   gammafunk_lair_ancient_temple, layout_cellular_growth,
          dpeg_slime_entry_enclosed
Orc:1:    layout_caves
Orc:2:    pf_orc_diabolical, layout_caves, basic_altar, special_room,
          dreamdust_deal_with_the_devil, uniq_erolcha

Skill      XL: |  1  2  3  4  5  6  7  8  9 10 11 12 13 14 15 16 |
---------------+-------------------------------------------------+-----
Fighting       | 1 3 4 5 7 9 |  9.6
Earth Magic    | 4 5 6 7 9 10 11 12 14 15 | 15.7
Shields        | 1 2 3 4 |  4.1
Conjurations   | 1 2 3 4 5 6 7 8 10 11 13 14 | 14.1
Spellcasting   | 3 4 5 6 7 8 10 12 13 | 13.2
Maces & Flails | 3 4 5 6 8 |  8.2
Evocations     | 5 7 |  7.4
Armour         | 1 4 5 |  5.1
Dodging        | 2 3 4 |  4.3
Translocations | 2 3 |  3.2
Fire Magic     | 2 |  2.8
Necromancy     | 2 |  2.3
Stealth        | |  2.1
Transmutations | |  0.7

Action                     |  1- 3 |  4- 6 |  7- 9 | 10-12 | 13-15 | 16-18 || total
---------------------------+-------+-------+-------+-------+-------+-------++-------
  Melee: Flail             |    28 |    13 |   156 |   317 |   499 |    69 ||  1082
         Hand axe          |     8 |       |       |       |       |       ||     8
         Punch             |       |     1 |       |       |       |       ||     1
   Cast: Sandblast         |    37 |    68 |   100 |    71 |    68 |       ||   344
         Stone Arrow       |       |     3 |    48 |   162 |   183 |     6 ||   402
         Iskenderun's Batt |       |       |       |    16 |    46 |       ||    62
         Iron Shot         |       |       |       |       |   182 |    26 ||   208
         Blink             |       |       |       |       |     2 |       ||     2
         Iskenderun's Myst |       |       |       |       |    16 |     8 ||    24
  Evoke: Wand              |     2 |     4 |     9 |    33 |     5 |    14 ||    67
    Use: Scroll            |       |     6 |    12 |     7 |     8 |     1 ||    34
         Potion            |       |       |     2 |     6 |     2 |     1 ||    11
   Stab: Paralysed         |       |       |     7 |     3 |     2 |       ||    12
         Sleeping          |       |       |       |     1 |     1 |       ||     2
         Distracted        |       |       |       |       |     1 |       ||     1
 Armour: Robe              |    18 |    21 |    75 |   206 |   372 |    71 ||   763
  Dodge: Dodged            |    42 |    39 |    89 |   261 |   357 |    46 ||   834
  Block: Buckler           |       |     1 |    62 |   183 |   195 |    26 ||   467
